 Dungeon Crawl Stone Soup version 0.18.1-2-ga659475 (webtiles) character file.

58 esc the Poker (level 4, -7/57 HPs)
             Began as a Hill Orc Gladiator on May 8, 2016.
             Killed from afar by Natasha (9 damage)
             ... with a magic dart
             ... on level 2 of the Dungeon.
             The game lasted 00:02:49 (1150 turns).

esc the Poker (Hill Orc Gladiator)                  Turns: 1150, Time: 00:02:50

Health: -7/57      AC: 22    Str: 17    XL:     4   Next: 2%
Magic:  4/4        EV:  2    Int: 14    God:
Gold:   70         SH:  0    Dex: 11    Spells: 0 memorised, 3 levels left

rFire  . . .     SeeInvis .     a - +0 trident
rCold  . . .     Gourm    .     (armour currently unavailable)
rNeg   + + +     Faith    .     (no shield)
rPois  +         Spirit   .     (helmet currently unavailable)
rElec  .         Dismiss  +     (cloak currently unavailable)
rCorr  .         Reflect  .     (gloves currently unavailable)
SustAt .         Harm     .     (boots currently unavailable)
MR     .....     NoTele   +     i - amulet of dismissal
Stlth  +.........               (no ring)
                                (no ring)

@: brilliant, tree-form, not resistant to hostile enchantments, very unstealthy
A: no striking features
a: no special abilities


You were on level 2 of the Dungeon.
You were not hungry.
You were a tree.
You visited 1 branch of the dungeon, and saw 2 of its levels.

You collected 70 gold pieces.

Inventory:

Hand Weapons
 a - a +0 trident (weapon)
Missiles
 d - 3 throwing nets {=f, !d}
 g - 43 stones (quivered)
Armour
 b - a +0 leather armour (melded)
 c - a +0 helmet (melded)
Jewellery
 i - an amulet of dismissal (around neck)
   (You found it on level 1 of the Dungeon)
Potions
 j - a potion of flight
 k - a potion of brilliance
 m - a potion of might
Comestibles
 f - a bread ration {@e1}
 h - 2 chunks of flesh {@w0}
 n - a meat ration {@e2}


   Skills:
 + Level 3.4 Fighting
 + Level 3.7 Polearms
 - Level 1.7 Throwing
 + Level 1.3 Armour
 + Level 2.9 Dodging


You had 3 spell levels left.
You didn't know any spells.

Dungeon Overview and Level Annotations

Branches:
Dungeon (2/15)

Altars:
Zin

Annotations:
D:2 Natasha


Message History

h - 2 chunks of flesh {@w0} There isn't anything here!
There isn't anything here!
Found a glowing silver altar of Zin.
Found a stone staircase leading up.
Natasha, Servant of Life and Death comes into view.
Natasha hisses angrily.
Natasha stares at you and mumbles some strange words.
The magic dart hits you!
Your amulet of dismissal vibrates suddenly!
Natasha disappears!
You take 4 damage, and have 22/31 hp.
No target in view!
You start resting.
A quokka comes into view.
You regained 2 hp, and now have 25/31 hp.
A quokka is nearby!
Found a stone staircase leading down.
You miss the quokka.
The quokka bites you but does no damage.
You hit the quokka. The quokka bites you. The quokka barely misses you.
You take 1 damage, and have 25/31 hp.
You hit the quokka but do no damage. The quokka closely misses you.
You closely miss the quokka. The quokka closely misses you.
You closely miss the quokka. The quokka closely misses you.
The quokka bites you.
You take 4 damage, and have 21/31 hp.
You hit the quokka.
You kill the quokka!
No target in view!
A bat and an adder come into view.
The bat closely misses you.
You puncture the bat!
You kill the bat!
You miss the adder. The adder bites you.
You are poisoned.
The adder poisons you! The adder bites you.
You take 5 damage, and have 17/31 hp.
You barely miss the adder.
You feel sick. The adder barely misses you.
You puncture the adder! The adder bites you. The adder closely misses you.
You take 3 damage, and have 14/31 hp.
You hit the adder but do no damage. The adder misses you.
You miss the adder.
You feel sick. The adder closely misses you.
You take 1 damage, and have 13/31 hp.
You puncture the adder!
You kill the adder!
You have reached level 4!
You regained 3 hp, and now have 16/38 hp.
MP restored: 4 Natasha casts a spell at you.
The magic dart hits you!
* * * LOW HITPOINT WARNING * * *
You take 9 damage, and have 7/38 hp.
MASSIVE DAMAGE!!
You feel sick.
You take 1 damage, and have 6/38 hp.
Drink which item? (? for menu, Esc to quit)
It was a potion of brilliance.
You feel clever all of a sudden.
Drink which item? (? for menu, Esc to quit)
It was a potion of curing.
You feel better.
Natasha howls an incantation.
You feel troubled.
You regained 10 hp, and now have 17/38 hp.
Attack whom?
Aim: Natasha You reach to attack!
You closely miss Natasha. You barely miss Natasha.
Natasha casts a spell at you. The magic dart hits you!
* * * LOW HITPOINT WARNING * * *
You take 8 damage, and have 9/38 hp.
MASSIVE DAMAGE!!
Drink which item? (? for menu, Esc to quit)
Really quaff
l - a potion of lignification {!q}?
You turn into a tree.
Your +0 helmet melds into your body.
Your +0 leather armour melds into your body.
Your roots penetrate the ground.
Natasha claws you.
* * * LOW HITPOINT WARNING * * *
You now have 9/57 hp.
You barely miss Natasha. Natasha claws you.
* * * LOW HITPOINT WARNING * * *
You take 4 damage, and have 5/57 hp.
You barely miss Natasha. Natasha claws you but does no damage.
You closely miss Natasha. Natasha claws you.
* * * LOW HITPOINT WARNING * * *
Natasha casts a spell at you. The magic dart hits you!
You take 4 damage, and have 2/57 hp.
Drink which item? (? for menu, Esc to quit)
Okay, then.
You aren't carrying any spellbooks or scrolls.
You closely miss Natasha. Natasha casts a spell at you.
The magic dart hits you!
You hit Natasha. Natasha claws you but does no damage.
You completely miss Natasha.
Natasha stares at you and mumbles some strange words.
The magic dart hits you!
You die...

#..# #..#
##..########.
#............####
###.#.###### #...
#.#..# #..# #.##.##
#..# #.##..# #..#
#.###.## #.#.♣#
###.###..###.#.h#
#..........#.#..#
##..####.#.#[#..# #
#...#.#..#######
##..#.#..[.....!
#..#####..#.##.######
#...............>.S...
#...####.####.........


You could see Natasha.

Vanquished Creatures
  Natasha (D:2)
  An adder (D:2)
  2 goblins (D:1)
  A hobgoblin (D:2)
  7 jackals (D:2)
  2 kobolds (D:1)
  2 quokkas (D:2)
  5 bats
  A giant newt (D:2)
  2 rats (D:1)
24 creatures vanquished.

Notes
Turn   | Place    | Note
--------------------------------------------------------------
     0 | D:1      | esc the Hill Orc Gladiator began the quest for the Orb.
     0 | D:1      | Reached XP level 1. HP: 18/18 MP: 1/1
   529 | D:1      | Reached XP level 2. HP: 20/25 MP: 2/2
  1025 | D:2      | Noticed Natasha
  1035 | D:2      | Noticed a crimson imp
  1036 | D:2      | Killed Natasha
  1036 | D:2      | Reached skill level 3 in Fighting
  1036 | D:2      | Reached skill level 1 in Armour
  1036 | D:2      | Reached XP level 3. HP: 23/31 MP: 3/3
  1076 | D:2      | Found a glowing silver altar of Zin.
  1082 | D:2      | Noticed Natasha
  1136 | D:2      | Reached XP level 4. HP: 16/38 MP: 4/4
  1137 | D:2      | HP: 7/38 [Natasha/magic dart (9)]
  1143 | D:2      | HP: 9/38 [Natasha/magic dart (8)]
  1147 | D:2      | HP: 2/57 [Natasha (4)]
  1150 | D:2      | Killed from afar by Natasha

Skill      XL: |  1  2 |
---------------+-------+-----
Fighting       | 3 |  3.4
Armour         | 1 |  1.3
Polearms       | |  3.7
Throwing       | |  1.7
Dodging        | |  2.9

Action                   |  1- 3 |  4- 6 || total
-------------------------+-------+-------++-------
Melee: Spear             |    79 |       ||    79
       Trident           |    43 |     8 ||    51
Throw: Stone             |     4 |       ||     4
  Use: Scroll            |     6 |       ||     6
       Potion            |       |     3 ||     3
  Eat: Bread ration      |     1 |       ||     1
Armor: Leather armour    |    23 |       ||    23
       Skin              |       |     4 ||     4
Dodge: Dodged            |    72 |       ||    72

Vault maps used:
D:1:      roderic_octagonal_star
D:2:      minmay_door_path, nicolae_dithmenos_shadow_blocks, old_standard_altar,
          first_bread, hangedman_feature_mirror, uniq_natasha

Table legend:
 A = Turns spent in this place as a percentage of turns spent in the entire game.
 B = Non-inter-level travel turns spent in this place as a percentage of non-inter-level travel turns spent in the entire game.
 C = Inter-level travel turns spent in this place as a percentage of turns spent in this place.
 D = Turns resting spent in this place as a percentage of non-inter-level travel turns spent in this place.
 E = Turns spent auto-exploring this place as a percentage of non-inter-level travel turns spent in this place.
 F = Non-inter-level travel turns spent in this place divided by the number of levels of this place that you've seen.
                   A       B       C       D       E      F
               +-------+-------+-------+-------+-------+----------------------
         Total | 100.0 | 100.0 |   0.3 |   1.7 |   9.9 | 172.0
       Dungeon | 100.0 | 100.0 |   0.3 |   1.7 |   9.9 | 172.0
               +-------+-------+-------+-------+-------+----------------------

Table legend:
 A = Kills in this place as a percentage of kills in entire the game.
 B = Kills by you in this place as a percentage of kills by you in the entire game.
 C = Kills by friends in this place as a percentage of kills by friends in the entire game.
 D = Other kills in this place as a percentage of other kills in the entire game.
 E = Experience gained in this place as a percentage of experience gained in the entire game.
 F = Experience gained in this place divided by the number of levels of this place that you have seen.
                   A       B       C       D       E      F
               +-------+-------+-------+-------+-------+----------------------
         Total | 100.0 | 100.0 |  -nan |  -nan | 100.0 |  42.0
       Dungeon | 100.0 | 100.0 |  -nan |  -nan | 100.0 |  42.0
               +-------+-------+-------+-------+-------+----------------------
